 Dungeon Crawl Stone Soup version 0.31.0-11-ge490571c62 (webtiles) character file.

Game seed: 13032300320760681736

4304 mainiacjoe the Geomancer (level 10, -2/44 HPs)
             Began as a Vine Stalker Earth Elementalist on Jan 27, 2024.
             Was a Follower of Ru.
             Slain by an ogre
             ... wielding a +0 giant club
             ... led by Lodul
              (19 damage)
             ... on level 10 of the Dungeon.
             The game lasted 00:34:49 (8996 turns).

mainiacjoe the Geomancer (VSEE)                     Turns: 8996, Time: 00:34:50

Health: -2/44      AC: 10    Str: 16    XL:     10   Next: 32%
Magic:  0/18       EV: 17    Int: 21    God:    Ru [*.....]
Gold:   429        SH:  0    Dex: 20    Spells: 8/19 levels left

rFire   x . .        a - +4 dagger "Mepireff" {freeze, +Blink Will+ Int+2}
rCold   + . .        (no shield)
rNeg    + . .        C - +0 robe {rC+}
rPois   .            i - +2 hood of the Assassin {Detect Stab+ Stlth++}
rElec   .            G - +0 cloak
rCorr   .            J - +2 pair of gloves {Str+3}
SInv    .            s - +1 pair of boots
Will    +++..        (no amulet)
Stlth   ++++++       B - ring of Knowledge {rN+ Will+ Str-4 Dex+5}
HPRegen 1.07/turn    y - ring "Peimauc" {+Blink rF- EV+5 Str+6}
MPRegen 0.16/turn

%: guardian spirit
@: no status effects
A: fangs 3, regeneration 1, magic shield, antimagic bite, no potion heal 2,
inability to drink after injury 2
a: Renounce Religion, Evoke Blink, Sacrifice Arcana, Sacrifice Purity, Sacrifice
Artifice, Reject Sacrifices


You were on level 10 of the Dungeon.
You worshipped Ru.
Ru was aware of your devotion.
You visited 2 branches of the dungeon, and saw 11 of its levels.

You collected 429 gold pieces.

Inventory:

Hand Weapons
 a - the +4 dagger "Mepireff" (weapon) {freeze, +Blink Will+ Int+2}
   (You found it on level 8 of the Dungeon)

   Int+2:     It affects your intelligence (+2).
   Will+:     It increases your willpower.
   +Blink:    It lets you blink.
 b - a +2 shortbow of freezing
 q - the +7 hand axe of Enelid {drain, *Slow rN+++ Str-2 SInv}
   (You found it on level 3 of the Dungeon)

   Str-2:     It affects your strength (-2).
   rN+++:     It renders you almost immune to negative energy.
   SInv:      It lets you see invisible.
   *Slow:     It may slow you when you take damage.
 F - a +1 great sword
 H - a +3 whip of electrocution
Missiles
 c - 110 stones
 j - 15 poisoned darts
 l - 3 datura-tipped darts {=F}
 E - a curare-tipped dart {=F}
Armour
 f - a +1 pair of gloves
 i - the +2 hood of the Assassin (worn) {Detect Stab+ Stlth++}
   (You acquired it on level 9 of the Dungeon)

   Detect:    It allows the wearer to sense nearby creatures.
   Stab+:     It allows the wearer to make particularly effective stabbing
   attacks against helpless or unaware enemies with any weapon.
   Stlth++:   It makes you much more stealthy.
 s - a +1 pair of boots (worn)
 C - a +0 robe of cold resistance (worn)
 G - a +0 cloak (worn)
 J - a +2 pair of gloves of strength (worn)
Jewellery
 y - the ring "Peimauc" (right hand) {+Blink rF- EV+5 Str+6}
   (You found it on level 5 of the Dungeon)

   [ring of evasion]

   EV+5:      It affects your evasion (+5).
   Str+6:     It affects your strength (+6).
   rF-:       It makes you vulnerable to fire.
   +Blink:    It lets you blink.
 B - the ring of Knowledge (left hand) {rN+ Will+ Str-4 Dex+5}
   (You acquired it on level 5 of the Dungeon)

   [ring of positive energy]

   Str-4:     It affects your strength (-4).
   Dex+5:     It affects your dexterity (+5).
   rN+:       It protects you from negative energy.
   Will+:     It increases your willpower.
Wands
 p - a wand of charming (13)
 t - a wand of digging (2)
 u - a wand of mindburst (28)
 D - a wand of iceblast (5)
 I - a wand of flame (14)
Scrolls
 d - 2 scrolls of amnesia
 m - a scroll of vulnerability
 x - a scroll of immolation
 A - a scroll of blinking
 K - a scroll of summoning
Potions
 e - a potion of magic
 g - 3 potions of curing
 h - 3 potions of berserk rage
 k - a potion of haste
 n - a potion of resistance
 o - 2 potions of cancellation
 r - a potion of brilliance {unknown}
 v - a potion of mutation {unknown}
 w - a potion of attraction {unknown}
 z - 2 potions of enlightenment {unknown}


   Skills:
 * Level 6.9 Short Blades
 - Level 1.5 Dodging
 + Level 7.5 Stealth
 - Level 5.0 Spellcasting
 - Level 7.0 Conjurations
 + Level 8.3 Earth Magic


You had 8 spell levels left.
You knew the following spells:

 Your Spells              Type           Power      Damage    Failure   Level
a - Sandblast             Erth           80%        2d17      1%          1
b - Stone Arrow           Conj/Erth      74%        3d11      1%          3
c - Brom's Barrelling Bo  Conj/Erth      37%        2d6       4%          4
z - Passwall              Erth           40%        N/A       1%          3

Your spell library contained the following spells:

 Spells                   Type           Power      Damage    Failure   Level
 Summon Small Mammal      Summ           20%        N/A       11%         1
 Iskenderun's Battlesphe  Conj           34%        2d9       17%         5
 Petrify                  Alch/Erth      22%        N/A       21%         4
 Call Canine Familiar     Summ           5%         N/A       32%         3
 Fugue of the Fallen      Necr           5%         N/A       32%         3
 Ozocubu's Armour         Ice            5%         N/A       32%         3
 Fireball                 Conj/Fire      9%         3d6       56%         5
 Manifold Assault         Tloc           5%         N/A       71%         4
 Olgreb's Toxic Radiance  Alch           5%         N/A       71%         4
 Summon Blazeheart Golem  Fire/Summ      5%         N/A       71%         4
 Metabolic Englaciation   Hex/Ice        2%         N/A       96%         5
 Conjure Ball Lightning   Conj/Air       9%         3x3d6     98%         6
 Orb of Destruction       Conj           17%        9d7       99%         7
 Sculpt Simulacrum        Ice/Alch       2%         N/A       100%        6
 Ozocubu's Refrigeration  Ice            2%         4d8       100%        7
 Discord                  Hex            2%         N/A       100%        8


Dungeon Overview and Level Annotations

Branches:
Dungeon (10/15)            Temple (1/1) D:4
   Lair: D:8-11         Orc: D:9-12

Altars:
Ashenzari
Cheibriados
Dithmenos
Elyvilon
Fedhas
Gozag
Hepliaklqana
Kikubaaqudgha
Makhleb
Nemelex Xobeh
Okawaru
Qazlal
Ru
Sif Muna
Trog
Uskayaw
Vehumet
Wu Jian
Xom
Yredelemnul
Zin
The Shining One

Shops:
D:9 =

Annotations:
D:2 Natasha
D:10 3 runed translucent doors, exclusion: 3 doors, FoolsGold's ghost, journeyman HOFi; Lodul; Taul's ghost, journeyman GnFi


Innate Abilities, Weirdness & Mutations

You have razor-sharp teeth.
Your natural rate of healing is unusually fast.
When hurt, damage is shared between your health and your magic reserves.
Your bite disrupts and absorbs the magic of your enemies.
Potions cannot restore your health.
You sometimes lose the ability to drink potions when taking damage.


Message History

A runed translucent gate.
Placed new exclusion.
Reduced exclusion size to a single square.
The boulder barrels into Lodul!
Lodul is lightly wounded.
Your boulder is destroyed!
Press: ? - help, v - describe, . - travel
Here: Lodul, wielding a +0 dire flail (lightly wounded)
The floor.
Aiming: Iceblast
Press: ? - help, Shift-Dir - straight line, f/p - Lodul
Aim: Lodul, wielding a +0 dire flail (lightly wounded)
The mass of ice explodes!
The iceblast engulfs Lodul!
Lodul is moderately wounded.
The iceblast engulfs the ogre!
The ogre is heavily wounded.
You hear a shout!
An ogre comes into view. It is wielding a +0 giant spiked club.
You hear a shout!
You hit Lodul. You freeze Lodul. You bite Lodul!
Lodul's magic leaks into the air.
You drain his magic.
You feel invigorated.
Lodul is heavily wounded.
You hear a shout!
Lodul hits you with a +0 dire flail!!
You completely miss Lodul.
Lodul is heavily wounded.
An ogre comes into view. It is wielding a +0 giant club.
You hit Lodul. You freeze Lodul. You bite Lodul.
Lodul's magic leaks into the air.
You drain his magic.
You feel invigorated.
Lodul is heavily wounded.
Lodul closely misses you. The ogre closely misses you.
You hit Lodul but do no damage. You bite Lodul, but do no damage.
Lodul is heavily wounded.
An ogre comes into view. It is wielding a +0 giant spiked club.
An ogre comes into view. It is wielding a +0 giant club. x2
The ogre hits you with a +0 giant spiked club!
Lodul completely misses you.
Lodul falters for a moment.
The ogre hits you with a +0 giant club!!
You die...

########.###.#
#.....# ###.###
########.###
#..........#
#......#######
#......##♣⌠♣?##
#.......#....8#
#.....@.#.....%
###.##O.+.....♣
##.#OO.+W....⌠
#..O.OO+W....♣
#.O##..#......
.....
#..#....8# #...
,..##♣⌠♣(## #.#
.... #### O
.....


You could see Lodul (magic disrupted), 6 ogres, FoolsGold's ghost and Taul's
ghost.

Vanquished Creatures
  Pikel (D:5)
  An orc sorcerer (D:9)
  2 gargoyles
  An unseen horror (D:10)
  A troll (D:9)
  A wyvern (D:8)
  A steam dragon (D:8)
  2 water moccasins
  2 ice beasts
  A sky beast (D:6)
  2 centaurs
  A phantom (D:5)
  2 kobold brigands
  2 wights (D:8)
  5 howler monkeys
  2 hounds
  A jelly (D:5)
  7 orc priests
  2 sleepcaps
  Jessica (D:3)
  11 orc wizards
  A gnoll (D:8)
  2 adders
  2 ufetubi (D:3)
  3 dart slugs
  A ribbon worm (D:2)
  34 orcs
  3 ball pythons
  2 bats
  3 endoplasms
  A giant cockroach (D:2)
  6 goblins
  3 hobgoblins
  7 jackals
  12 kobolds
  2 quokkas
  3 frilled lizards (D:3)
  4 rats
138 creatures vanquished.

Vanquished Creatures (collateral kills)
  An ice beast (D:7)
  2 howler monkeys (D:8)
  An orc (D:8)
  12 boulders
16 creatures vanquished.

Vanquished Creatures (others)
  7 boulders
7 creatures vanquished.

Grand Total: 161 creatures vanquished

Notes
Turn   | Place    | Note
-------+----------+-------------------------------------------
     0 | D:1      | mainiacjoe the Vine Stalker Earth Elementalist began the
                  | quest for the Orb.
     0 | D:1      | Reached XP level 1. HP: 9/9 MP: 4/4
   346 | D:1      | Reached XP level 2. HP: 13/13 MP: 3/6
  1262 | D:2      | Reached XP level 3. HP: 16/16 MP: 1/8
  1270 | D:2      | Learned a level 3 spell: Stone Arrow
  1824 | D:2      | Noticed Natasha
  1910 | D:2      | Found a faded altar of an unknown god.
  2500 | D:2      | Reached skill level 4 in Earth Magic
  2500 | D:2      | Reached XP level 4. HP: 21/21 MP: 2/9
  2698 | D:3      | Noticed Jessica
  2700 | D:3      | Killed Jessica
  2701 | D:3      | Reached XP level 5. HP: 21/24 MP: 5/11
  2886 | D:3      | Reached skill level 5 in Earth Magic
  2916 | D:3      | Identified the +7 hand axe of Enelid {drain, *Slow rN+++
                  | Str-2 SInv}
  3704 | D:4      | Found a staircase to the Ecumenical Temple.
  3709 | Temple   | Entered the Ecumenical Temple
  3728 | Temple   | Became a worshipper of Ru the Awakened
  4149 | D:4      | Reached XP level 6. HP: 28/28 MP: 10/12
  4209 | D:5      | Entered Level 5 of the Dungeon
  4353 | D:5      | Noticed Pikel
  4370 | D:5      | Killed Pikel
  4371 | D:5      | Reached skill level 5 in Spellcasting
  4371 | D:5      | Reached skill level 5 in Conjurations
  4371 | D:5      | Reached XP level 7. HP: 26/32 MP: 2/15
  4375 | D:5      | Learned a level 3 spell: Passwall
  4380 | D:5      | Learned a level 4 spell: Brom's Barrelling Boulder
  4541 | D:5      | Identified the ring "Peimauc" {+Blink rF- EV+5 Str+6}
  4550 | D:5      | Identified a scroll of acquirement
  4550 | D:5      | Acquired the ring of Knowledge {rN+ Will+ Str-4 Dex+5}
  4581 | D:5      | Gained mutation: You have razor-sharp teeth. [Vine Stalker
                  | growth]
  4581 | D:5      | Reached XP level 8. HP: 35/36 MP: 11/16
  4759 | D:5      | Reached skill level 6 in Earth Magic
  5246 | D:6      | Gained mutation: You occasionally lose the ability to drink
                  | potions when taking damage. [Ru sacrifice]
  5246 | D:6      | Gained mutation: You sometimes lose the ability to drink
                  | potions when taking damage. [Ru sacrifice]
  5246 | D:6      | Reached * piety under Ru
  5422 | D:6      | Identified the +5 chain mail of the Stars {rPois SInv
                  | Stlth+}
  6033 | D:7      | Reached skill level 7 in Earth Magic
  6036 | D:7      | Reached skill level 1 in Short Blades
  6134 | D:7      | Noticed a gargoyle
  6153 | D:7      | Killed a gargoyle
  6154 | D:7      | Reached XP level 9. HP: 39/39 MP: 0/17
  6837 | D:8      | Reached skill level 5 in Stealth
  7125 | D:8      | Reached skill level 5 in Short Blades
  7274 | D:8      | Identified the +4 dagger "Mepireff" {freeze, +Blink Will+
                  | Int+2}
  8122 | D:9      | Noticed an orc sorcerer
  8132 | D:9      | Killed an orc sorcerer
  8133 | D:9      | Reached XP level 10. HP: 44/44 MP: 8/18
  8189 | D:9      | Acquired the +2 hood of the Assassin {Detect Stab+ Stlth++}
  8189 | D:9      | Found the +2 hood of the Assassin {Detect Stab+ Stlth++}
  8304 | D:9      | Noticed a +0 spear
  8304 | D:9      | Noticed a +0 short sword
  8305 | D:9      | Noticed a +0 short sword
  8305 | D:9      | Noticed a +0 falchion
  8306 | D:9      | Noticed a +0 falchion
  8306 | D:9      | Noticed a +0 dagger
  8307 | D:9      | Noticed a +0 dagger
  8308 | D:9      | Noticed a +0 spear
  8309 | D:9      | Found a hide-covered altar of Uskayaw.
  8362 | D:9      | Found Kauq's Jewellery Boutique.
  8370 | D:9      | Reached skill level 8 in Earth Magic
  8729 | D:10     | Entered Level 10 of the Dungeon
  8742 | D:10     | Found a runed translucent gate.
  8742 | D:10     | Found a runed translucent gate.
  8742 | D:10     | Found a runed translucent gate.
  8743 | D:10     | Noticed Taul's ghost (journeyman GnFi)
  8744 | D:10     | Noticed FoolsGold's ghost (journeyman HOFi)
  8756 | D:10     | Noticed a gargoyle
  8867 | D:10     | Killed a gargoyle
  8974 | D:10     | Noticed an unseen horror
  8978 | D:10     | Killed an unseen horror
  8984 | D:10     | Noticed Lodul
  8996 | D:10     | Slain by an ogre

Illustrated notes

Levels and vault maps discovered:
D:1:      scummos_arrival_simple_fountains, layout_basic, minmay_crystal_water,
          nicolae_hexahallways
D:2:      layout_basic, hellmonk_ecumenical_altar_heavens_door,
          serial_bayou_lagoon_a, minmay_misc_feat_room, uniq_natasha
D:3:      layout_rooms, uniq_jessica
D:4:      layout_basic, minmay_temple_entry_wispy, minmay_misc_feat_diagonals,
          dk_rats_in_the_wall
D:5:      layout_rooms, kennysheep_cluttered_room, hex_medium, uniq_pikel
D:6:      layout_gridville
D:7:      layout_loops_ring, serial_glass, glass_columns_a, glass_columns_a,
          item_on_display_a
D:8:      layout_basic
D:9:      cheibrodos_wizards_tower, layout_cave_pools,
          nicolae_uskayaw_en_pointe, serial_shops, shop
D:10:     layout_loops_cross, orc_0_dummy, gammafunk_ghost_cemetery, uniq_lodul
Temple:   compressed_dpeg_triangle_lava_temple

Skill      XL: |  1  2  3  4  5  6  7  8  9 10 |
---------------+-------------------------------+-----
Spellcasting   | 3 5 |  5.0
Earth Magic    | 4 5 7 8 |  8.3
Conjurations   | 2 5 7 |  7.0
Short Blades   | 3 6 |  6.9
Stealth        | 4 6 7 |  7.5
Dodging        | |  1.5

Action                     |  1- 3 |  4- 6 |  7- 9 | 10-12 || total
---------------------------+-------+-------+-------+-------++-------
  Melee: Falchion          |     3 |       |       |       ||     3
         Dagger            |       |    15 |     5 |    19 ||    39
         Bite              |       |     2 |    36 |     9 ||    47
         Whip              |       |       |   100 |       ||   100
         Punch             |       |       |     1 |       ||     1
         Hand axe          |       |       |       |     1 ||     1
   Fire: Shortbow          |       |       |     6 |       ||     6
   Cast: Sandblast         |    34 |    62 |    36 |    13 ||   145
         Stone Arrow       |       |     2 |    21 |    13 ||    36
         Brom's Barrelling |       |       |    21 |     6 ||    27
         Passwall          |       |       |     2 |     2 ||     4
 Invoke: Sacrifice Drink   |       |       |     1 |       ||     1
Ability: Evoke Blink       |       |       |     1 |       ||     1
  Evoke: Wand              |       |       |     2 |     2 ||     4
    Use: Scroll            |     5 |     7 |    10 |     2 ||    24
         Potion            |       |       |     1 |       ||     1
   Stab: Sleeping          |       |       |       |     4 ||     4
 Armour: Robe              |     9 |    32 |    60 |    11 ||   112
  Dodge: Dodged            |    10 |    45 |   124 |    20 ||   199
